PBL
DETROIT RED WINGS @ NIAGARA FALLS PHANTOMS
09/12/2044
 
TOP OF THE 1ST
Detroit Red Wings batting - Pitching for Niagara Falls Phantoms : LHP Omar Quinones
Pitching: LHP Omar Quinones
Batting: RHB Tony Nunez 0-0: Called Strike
0-1: Ball
1-1: SINGLE (Groundball, 6MD, EV 96.9 MPH)
Batting: RHB Carlos Armenteros 0-0: Ball
1-0: Ball
2-0: Called Strike
2-1: SINGLE (Groundball, 56S, EV 75.6 MPH) (infield hit)
Tony Nunez to second
Batting: LHB George Moran 0-0: Foul Ball, location: 2F
0-1: Ball
1-1: Fielders Choice at 2nd, 3-6 (Groundball, 34, EV 102.5 MPH)
Tony Nunez to third
Batting: RHB Tony Soto 0-0: Ball
1-0: Ball
2-0: Called Strike
2-1: Ball
3-1: Called Strike
3-2: Base on Balls
George Moran to second
Batting: RHB Khalil Coleman 0-0: Called Strike
0-1: Foul Ball, location: 2F
0-2: Strikes out swinging
Batting: LHB Glen Boyle 0-0: Ball
1-0: Foul Ball, location: 2F
1-1: Foul Ball, location: 2F
1-2: Strikes out swinging
Top of the 1st over - 0 runs, 2 hits, 0 errors, 3 left on base; Detroit 0 - Niagara Falls 0
BOTTOM OF THE 1ST
Niagara Falls Phantoms batting - Pitching for Detroit Red Wings : RHP Mike Santana
Pitching: RHP Mike Santana
Batting: LHB Aaron Joyner 0-0: Foul Ball, location: 2F
0-1: Ball
1-1: Ball
2-1: Ground out 6-3 (Groundball, 6, EV 101.9 MPH)
Batting: SHB Mukhtar Wa'il 0-0: Ground out 4-3 (Groundball, 4, EV 81.2 MPH)
Batting: RHB Devon Utley 0-0: Ball
1-0: Called Strike
1-1: Foul Ball, location: 2F
1-2: SOLO HOME RUN (Flyball, 7D, EV 94.4 MPH), Distance : 364 ft
Batting: LHB Jose Lebron 0-0: Ball
1-0: Called Strike
1-1: Called Strike
1-2: Ball
2-2: Ball
3-2: Fly out, F8 (Line Drive, 8LD, EV 89.4 MPH)
Bottom of the 1st over - 1 run, 1 hit, 0 errors, 0 left on base; Detroit 0 - Niagara Falls 1
TOP OF THE 2ND
Detroit Red Wings batting - Pitching for Niagara Falls Phantoms : LHP Omar Quinones
Batting: RHB Juan Perez 0-0: Ball
1-0: Called Strike
1-1: Fly out, F7 (Flyball, 7D, EV 101.9 MPH)
Batting: SHB Eisse Wijnja 0-0: Ball
1-0: Ball
2-0: Called Strike
2-1: Ball
3-1: Foul Ball, location: 2F
3-2: Strikes out swinging
Batting: LHB Isao Fukui 0-0: Called Strike
0-1: Foul Ball, location: 2F
0-2: Foul Ball, location: 2F
0-2: Ball
1-2: DOUBLE (Flyball, 78D, EV 90.6 MPH)
Batting: RHB Tony Nunez 0-0: Ball
1-0: Ball
2-0: Called Strike
2-1: Fly out, F9 (Flyball, 89D, EV 102.5 MPH)
Top of the 2nd over - 0 runs, 1 hit, 0 errors, 1 left on base; Detroit 0 - Niagara Falls 1
BOTTOM OF THE 2ND
Niagara Falls Phantoms batting - Pitching for Detroit Red Wings : RHP Mike Santana
Batting: RHB Alex Colon 0-0: Ball
1-0: Ball
2-0: Called Strike
2-1: Ball
3-1: Base on Balls
Batting: LHB Bart Davies 0-0: Ball
1-0: Foul Ball, location: 2F
1-1: Foul Ball, location: 2F
1-2: Ball
2-2: Ball
3-2: Base on Balls
Alex Colon to second
Batting: RHB Nazeeh Zubair 0-0: Foul Ball, location: 2F
0-1: SINGLE (Groundball, 56D, EV 106.9 MPH)
Alex Colon to third
Bart Davies to second
Batting: RHB Isaias Chavez 0-0: Called Strike
0-1: Ball
1-1: Called Strike
1-2: Ball
2-2: Ball
3-2: Base on Balls
Alex Colon scores
Bart Davies to third
Nazeeh Zubair to second
Batting: SHB David Stewart 0-0: Ball
1-0: Swinging Strike
1-1: Ball
2-1: Called Strike
2-2: Foul Ball, location: 2F
2-2: Ball
3-2: Fly out, F8 (Flyball, 78XD, EV 103.8 MPH)
Runner from 3rd tags up, SCORES, no throw by CF
Batting: LHB Aaron Joyner 0-0: Ball
1-0: Ball
2-0: Called Strike
2-1: Foul Ball, location: 2F
2-2: Foul Ball, location: 2F
2-2: Ball
3-2: DOUBLE (Line Drive, 9LD, EV 103.1 MPH)
Nazeeh Zubair scores
Isaias Chavez to third
Batting: SHB Mukhtar Wa'il 0-0: Ball
1-0: Called Strike
1-1: Fly out, F7 (Flyball, 78M, EV 94.4 MPH)
Runner from 3rd tags up, OUT at HOME! 7-2
Bottom of the 2nd over - 3 runs, 2 hits, 0 errors, 1 left on base; Detroit 0 - Niagara Falls 4
TOP OF THE 3RD
Detroit Red Wings batting - Pitching for Niagara Falls Phantoms : LHP Omar Quinones
Batting: RHB Carlos Armenteros 0-0: Ball
1-0: Ground out 4-3 (Groundball, 4, EV 88.1 MPH)
Batting: LHB George Moran 0-0: Ball
1-0: Ball
2-0: Called Strike
2-1: Called Strike
2-2: Strikes out looking
Batting: RHB Tony Soto 0-0: Called Strike
0-1: Foul Ball, location: 2F
0-2: Strikes out swinging
Top of the 3rd over - 0 runs, 0 hits, 0 errors, 0 left on base; Detroit 0 - Niagara Falls 4
BOTTOM OF THE 3RD
Niagara Falls Phantoms batting - Pitching for Detroit Red Wings : RHP Mike Santana
Batting: RHB Devon Utley 0-0: Ball
1-0: Called Strike
1-1: Ball
2-1: Ball
3-1: Base on Balls
Batting: LHB Jose Lebron 0-0: Ball
1-0: Called Strike
1-1: Ball
2-1: Ball
3-1: Fly out, F7 (Flyball, 7LS, EV 87.5 MPH)
Batting: RHB Alex Colon 0-0: Called Strike
0-1: Ball
1-1: Ball
Devon Utley steals 2nd base
2-1: Ground out U3 (Groundball, 34, EV 91.2 MPH)
Devon Utley to third
Batting: LHB Bart Davies 0-0: Ball
1-0: Ball
2-0: Called Strike
2-1: Ball
3-1: Base on Balls
Batting: RHB Nazeeh Zubair 0-0: Called Strike
0-1: Called Strike
0-2: Ball
1-2: Ball
2-2: Ball
3-2: Strikes out swinging
Bottom of the 3rd over - 0 runs, 0 hits, 0 errors, 2 left on base; Detroit 0 - Niagara Falls 4
TOP OF THE 4TH
Detroit Red Wings batting - Pitching for Niagara Falls Phantoms : LHP Omar Quinones
Batting: RHB Khalil Coleman 0-0: SOLO HOME RUN (Flyball, 78XD, EV 109.4 MPH), Distance : 408 ft
Batting: LHB Glen Boyle 0-0: Called Strike
0-1: Ball
1-1: Ball
2-1: Called Strike
2-2: Foul Ball, location: 2F
2-2: Strikes out looking
Batting: RHB Juan Perez 0-0: Foul Ball, location: 2F
0-1: Ground out 6-3 (Groundball, 6, EV 101.2 MPH)
Batting: SHB Eisse Wijnja 0-0: Ball
1-0: Called Strike
1-1: Ball
2-1: Called Strike
2-2: DOUBLE (Flyball, 78D, EV 98.8 MPH)
Batting: LHB Isao Fukui 0-0: Ball
1-0: Foul Ball, location: 2F
1-1: Swinging Strike
1-2: Ground out 4-3 (Groundball, 34, EV 103.1 MPH)
Top of the 4th over - 1 run, 2 hits, 0 errors, 1 left on base; Detroit 1 - Niagara Falls 4
BOTTOM OF THE 4TH
Niagara Falls Phantoms batting - Pitching for Detroit Red Wings : RHP Mike Santana
Batting: RHB Isaias Chavez 0-0: Ball
1-0: Ball
2-0: Ground out 4-3 (Groundball, 4, EV 102.5 MPH)
Batting: SHB David Stewart 0-0: Ground out 5-3 (Groundball, 56S, EV 91.9 MPH)
Batting: LHB Aaron Joyner 0-0: Ball
1-0: Ball
2-0: Called Strike
2-1: Ball
3-1: Called Strike
3-2: Base on Balls
Batting: SHB Mukhtar Wa'il 0-0: Called Strike
Aaron Joyner is caught stealing 2nd base 2-6
Bottom of the 4th over - 0 runs, 0 hits, 0 errors, 0 left on base; Detroit 1 - Niagara Falls 4
TOP OF THE 5TH
Detroit Red Wings batting - Pitching for Niagara Falls Phantoms : LHP Omar Quinones
Batting: RHB Tony Nunez 0-0: Called Strike
0-1: Called Strike
0-2: Ball
1-2: Fly out, F7 (Flyball, 7LM, EV 87.5 MPH)
Batting: RHB Carlos Armenteros 0-0: Ball
1-0: Called Strike
1-1: Ball
2-1: Bunt for hit to 15 - play at first, batter OUT! 1-3
Batting: LHB George Moran 0-0: Ball
1-0: Ball
2-0: Called Strike
2-1: Fly out, F7 (Flyball, 7S, EV 79.4 MPH)
Top of the 5th over - 0 runs, 0 hits, 0 errors, 0 left on base; Detroit 1 - Niagara Falls 4
BOTTOM OF THE 5TH
Niagara Falls Phantoms batting - Pitching for Detroit Red Wings : RHP Mike Santana
Batting: SHB Mukhtar Wa'il 0-0: SINGLE (Groundball, 34D, EV 97.5 MPH)
Batting: RHB Devon Utley 0-0: Foul Ball, location: 2F
0-1: Ball
1-1: SINGLE (Line Drive, 9S, EV 110.6 MPH)
Mukhtar Wa'il to second
Batting: LHB Jose Lebron 0-0: Foul Ball, location: 2F
0-1: SINGLE (Line Drive, 7S, EV 100.6 MPH)
Mukhtar Wa'il to third
Devon Utley to second
Batting: RHB Alex Colon 0-0: Ball
1-0: Called Strike
1-1: Foul Ball, location: 2F
1-2: Grounds into double play, 5-2-3 (Groundball, 56S, EV 88.8 MPH)
Devon Utley to third
Jose Lebron to second
Batting: LHB Bart Davies 0-0: Called Strike
0-1: Ball
1-1: Called Strike
1-2: Ball
2-2: Ball
3-2: Foul Ball, location: 2F
3-2: Foul Ball, location: 2F
3-2: Foul Ball, location: 2F
3-2: Base on Balls
Batting: RHB Nazeeh Zubair 0-0: Ball
1-0: Ball
2-0: Ball
3-0: Base on Balls
Devon Utley scores
Jose Lebron to third
Bart Davies to second
Batting: RHB Isaias Chavez 0-0: Swinging Strike
0-1: Called Strike
0-2: Fielders Choice at 2nd, 6-4 (Groundball, 6, EV 101.9 MPH)
Bottom of the 5th over - 1 run, 3 hits, 0 errors, 3 left on base; Detroit 1 - Niagara Falls 5
TOP OF THE 6TH
Detroit Red Wings batting - Pitching for Niagara Falls Phantoms : LHP Omar Quinones
Pitching: RHP Antonio Castillo
Batting: RHB Tony Soto 0-0: Foul Ball, location: 2F
0-1: Foul Ball, location: 2F
0-2: Foul Ball, location: 2F
0-2: Ball
1-2: Strikes out swinging
Batting: RHB Khalil Coleman 0-0: Ball
1-0: Ball
2-0: Called Strike
2-1: DOUBLE (Line Drive, 89XD, EV 108.1 MPH)
Batting: LHB Glen Boyle 0-0: Called Strike
0-1: Ball
1-1: Fly out, F8 (Line Drive, 8RM, EV 91.2 MPH)
Batting: RHB Juan Perez 0-0: Called Strike
0-1: Swinging Strike
0-2: DOUBLE (Line Drive, 9LS, EV 108.1 MPH)
Khalil Coleman scores
Batting: SHB Eisse Wijnja 0-0: Ball
1-0: SINGLE (Line Drive, 5D, EV 99.4 MPH)
Juan Perez to third
Runner from 3rd tries for Home, throw by LF and OUT! 7-2
Top of the 6th over - 1 run, 3 hits, 0 errors, 1 left on base; Detroit 2 - Niagara Falls 5
BOTTOM OF THE 6TH
Niagara Falls Phantoms batting - Pitching for Detroit Red Wings : RHP Mike Santana
Batting: SHB David Stewart 0-0: Called Strike
0-1: Ball
1-1: Called Strike
1-2: DOUBLE (Line Drive, 3D, EV 100.6 MPH)
Batting: LHB Aaron Joyner 0-0: Called Strike
0-1: Foul Ball, location: 2F
0-2: Foul Ball, location: 2F
0-2: Foul Ball, location: 2F
0-2: Ball
1-2: Ball
2-2: Ball
3-2: Foul Ball, location: 2F
3-2: Foul Ball, location: 2F
3-2: SINGLE (Line Drive, 78S, EV 94.4 MPH)
David Stewart to third
Pitching: RHP Adam Fisher
Batting: SHB Mukhtar Wa'il 0-0: Ball
1-0: Foul Ball, location: 2F
1-1: Swinging Strike
1-2: Fly out, F8 (Flyball, 8RD, EV 100.0 MPH)
Runner from 3rd tags up, SCORES, throw by CF
Batting: RHB Devon Utley 0-0: Foul Ball, location: 2F
0-1: Ball
1-1: Swinging Strike
1-2: Strikes out swinging
Batting: LHB Jose Lebron 0-0: Ball
1-0: Ball
2-0: Foul Ball, location: 2F
2-1: Called Strike
2-2: Ball
Aaron Joyner is caught stealing 2nd base 2-6
Bottom of the 6th over - 1 run, 2 hits, 0 errors, 0 left on base; Detroit 2 - Niagara Falls 6
TOP OF THE 7TH
Detroit Red Wings batting - Pitching for Niagara Falls Phantoms : RHP Antonio Castillo
Batting: LHB Isao Fukui 0-0: Ball
1-0: Swinging Strike
1-1: Ball
2-1: Foul Ball, location: 2F
2-2: Strikes out swinging
Batting: RHB Tony Nunez 0-0: Ball
1-0: Called Strike
1-1: Called Strike
1-2: Strikes out swinging
Batting: RHB Carlos Armenteros 0-0: Ball
1-0: Ball
2-0: Called Strike
2-1: Swinging Strike
2-2: Strikes out swinging
Top of the 7th over - 0 runs, 0 hits, 0 errors, 0 left on base; Detroit 2 - Niagara Falls 6
BOTTOM OF THE 7TH
Niagara Falls Phantoms batting - Pitching for Detroit Red Wings : RHP Adam Fisher
Batting: LHB Jose Lebron 0-0: Called Strike
0-1: Ball
1-1: Ball
2-1: Swinging Strike
2-2: Ground out 4-3 (Groundball, 4S, EV 80.6 MPH)
Batting: RHB Alex Colon 0-0: Ball
1-0: SINGLE (Groundball, 6D, EV 105.0 MPH)
Batting: LHB Bart Davies 0-0: Ball
1-0: Ball
Alex Colon is caught stealing 2nd base 2-6
2-0: Called Strike
2-1: Foul Ball, location: 2F
2-2: Fly out, F3 (Flyball, 3D, EV 87.5 MPH)
Bottom of the 7th over - 0 runs, 1 hit, 0 errors, 0 left on base; Detroit 2 - Niagara Falls 6
TOP OF THE 8TH
Detroit Red Wings batting - Pitching for Niagara Falls Phantoms : RHP Antonio Castillo
Pitching: RHP Jimmy Williams
Batting: LHB George Moran 0-0: Foul Ball, location: 2F
0-1: Ball
1-1: Ground out 3-1 (Groundball, 34, EV 88.1 MPH)
Batting: RHB Tony Soto 0-0: Swinging Strike
0-1: Fly out, F4 (Popup, 4S, EV 70.6 MPH)
Batting: RHB Khalil Coleman 0-0: Ball
1-0: Ball
2-0: Foul Ball, location: 2F
2-1: Called Strike
2-2: Strikes out swinging
Top of the 8th over - 0 runs, 0 hits, 0 errors, 0 left on base; Detroit 2 - Niagara Falls 6
BOTTOM OF THE 8TH
Niagara Falls Phantoms batting - Pitching for Detroit Red Wings : RHP Adam Fisher
Batting: RHB Nazeeh Zubair 0-0: Ball
1-0: Ball
2-0: DOUBLE (Line Drive, 89D, EV 107.5 MPH)
Batting: RHB Isaias Chavez 0-0: SINGLE (Groundball, 5S, EV 66.9 MPH) (infield hit)
Nazeeh Zubair to third
Batting: SHB David Stewart 0-0: Ball
1-0: Foul Ball, location: 2F
1-1: Called Strike
1-2: Ball
2-2: 3-RUN HOME RUN (Line Drive, 9D, EV 97.5 MPH), Distance : 372 ft
Batting: LHB Aaron Joyner 0-0: Ball
1-0: Called Strike
1-1: Ball
2-1: Ball
3-1: Base on Balls
Pinch Hitting: RHB Matt Crane 0-0: Called Strike
0-1: Ball
1-1: Ball
2-1: Swinging Strike
2-2: Ball
3-2: Foul Ball, location: 2F
3-2: Base on Balls
Aaron Joyner to second
Batting: RHB Devon Utley 0-0: Ball
1-0: Ball
2-0: SINGLE (Line Drive, 3L, EV 108.8 MPH)
Aaron Joyner to third
Matt Crane to second
Batting: LHB Jose Lebron 0-0: Ball
1-0: Foul Ball, location: 2F
1-1: Ball
2-1: SINGLE (Line Drive, 6D, EV 94.4 MPH)
Aaron Joyner scores
Matt Crane to third
Devon Utley to second
Pinch Hitting: RHB John Sprenkel 0-0: Called Strike
0-1: Fly out, F9 (Flyball, 9S, EV 83.1 MPH)
Batting: LHB Bart Davies 0-0: Ball
1-0: Foul Ball, location: 2F
1-1: Fielders Choice at 2nd, 3-6 (Groundball, 3, EV 83.8 MPH)
Matt Crane scores
Devon Utley to third
Batting: RHB Nazeeh Zubair 0-0: Called Strike
0-1: Ball
1-1: Swinging Strike
1-2: Foul Ball, location: 2F
1-2: Foul Ball, location: 2F
1-2: DOUBLE (Line Drive, 9LM, EV 113.1 MPH)
Devon Utley scores
Bart Davies to third
Runner from 3rd tries for Home, SAFE, throw by RF to trailing runner, SAFE at third!
Pitching: LHP Jean-Luc Legros
Batting: RHB Isaias Chavez 0-0: Foul Ball, location: 2F
0-1: Ball
1-1: Fly out, F6 (Flyball, 56D, EV 71.2 MPH)
Bottom of the 8th over - 7 runs, 6 hits, 0 errors, 1 left on base; Detroit 2 - Niagara Falls 13
TOP OF THE 9TH
Detroit Red Wings batting - Pitching for Niagara Falls Phantoms : RHP Jimmy Williams
Now at 1B: Matt Crane
Now in LF: John Sprenkel
Batting: LHB Glen Boyle 0-0: Called Strike
0-1: Ball
1-1: Swinging Strike
1-2: Ball
2-2: SINGLE (Groundball, 4D, EV 100.6 MPH)
Batting: RHB Juan Perez 0-0: Called Strike
0-1: Ball
1-1: Called Strike
1-2: Strikes out looking
Batting: SHB Eisse Wijnja 0-0: Fly out, F6 (Line Drive, 6, EV 70.6 MPH)
Batting: LHB Isao Fukui 0-0: Called Strike
0-1: SINGLE (Groundball, 4MD, EV 110.6 MPH) (infield hit)
Glen Boyle to second
Batting: RHB Tony Nunez 0-0: Foul Ball, location: 2F
0-1: Fly out, F6 (Flyball, 56D, EV 85.6 MPH)
Top of the 9th over - 0 runs, 2 hits, 0 errors, 2 left on base; Detroit 2 - Niagara Falls 13
Thursday, March 31st , 2022 - OOTP Baseball 22.12 Build 89